 Dungeon Crawl Stone Soup version 0.30-a0-782-ge64f9170bb (webtiles) character file.

Game seed: 6974128308800227459

43 Dirtsage the Chopper (level 3, -4/29 HPs)
             Began as a Demonspawn Fighter on Mar 2, 2023.
             Slain by a gnoll
             ... wielding a +0 whip of pain
              (6 damage)
             ... on level 2 of the Dungeon.
             The game lasted 00:03:17 (1103 turns).

Dirtsage the Chopper (Demonspawn Fighter)           Turns: 1103, Time: 00:03:17

Health: -4/29      AC:  6    Str: 18    XL:     3   Next: 37%
Magic:  3/3        EV:  9    Int:  9    God:
Gold:   54         SH:  4    Dex: 12    Spells: 2/2 levels left

rFire   . . .      SeeInvis .    a - +0 war axe
rCold   . . .      Faith    .    c - +0 buckler
rNeg    . . .      Spirit   .    b - +0 scale mail
rPois   .          Reflect  .    (no helmet)
rElec   .          Harm     .    (no cloak)
rCorr   .          Rampage  .    (no gloves)
Will    .....                    (no boots) Stlth
                                 (no amulet)
HPRegen 0.24/turn                (no ring)
MPRegen 0.08/turn                (no ring)

@: no status effects
A: hooves 1
a: no special abilities


You were on level 2 of the Dungeon.
You visited 1 branch of the dungeon, and saw 2 of its levels.

You collected 54 gold pieces.

Inventory:

Hand Weapons
 a - a +0 war axe (weapon)
Armour
 b - a +0 scale mail (worn)
 c - a +0 buckler (worn)
Jewellery
 h - a ring of ice
 W - a ring of wizardry
Scrolls
 f - a scroll of teleportation {unknown}
 i - a scroll of torment {unknown}
 j - a scroll of enchant armour {unknown}
 k - a scroll of immolation {unknown}
Potions
 d - a potion of might
 e - a potion of ambrosia {unknown}
 g - a potion of mutation {unknown}
 l - a potion of degeneration {unknown}


   Skills:
 - Level 3.0 Fighting
 + Level 3.5 Axes
 - Level 2.6 Armour
 - Level 2.6 Shields


You had 2 spell levels left.
You didn't know any spells.
Your spell library contained the following spells:

 Spells                   Type           Power      Damage    Failure   Level
 Apportation              Tloc           0%         N/A       86%         1
 Necrotise                Necr           0%         1d4       86%         1
 Summon Small Mammal      Summ           0%         N/A       86%         1
 Vhi's Electric Charge    Tloc/Air       0%         N/A       99%         3
 Arcjolt                  Conj/Air       0%         1d10      100%        5
 Maxwell's Capacitive Co  Air            0%         ∞         100%        8


Dungeon Overview and Level Annotations

Branches:
Dungeon (2/15)

Altars:


Innate Abilities, Weirdness & Mutations

You have large cloven feet.


Message History

W - a ring of wizardry A giant cockroach comes into view.
You closely miss the giant cockroach. The giant cockroach barely misses you.
You slash the giant cockroach!
You kill the giant cockroach!
No target in view!
You see here a giant cockroach corpse.
A goblin comes into view. It is wielding a +0 dagger.
The goblin shouts!
A gnoll comes into view. It is wielding a +0 whip of pain.
The gnoll shouts!
A gnoll comes into view. It is wielding a +0 spear.
The goblin hits you but does no damage.
You see here a dark potion.
You hit the goblin.
The goblin is severely wounded.
The goblin closely misses you. The goblin barely misses you.
You slash the goblin!
You kill the goblin!
A gnoll comes into view. It is wielding a +0 whip.
You hit the gnoll but do no damage.
The gnoll hits you with a +0 whip of pain!
The gnoll hits you with a +0 whip of pain.
You block the gnoll's attack.
You take 12 damage, and have 17/29 hp.
MASSIVE DAMAGE!!
You barely miss the gnoll. Your kick misses the gnoll.
The gnoll hits you with a +0 whip of pain.
The gnoll hits you but does no damage.
You take 2 damage, and have 15/29 hp.
You barely miss the gnoll.
The gnoll hits you with a +0 whip of pain.
The gnoll hits you from afar with a +0 spear!
* * * LOW HITPOINT WARNING * * *
You take 8 damage, and have 7/29 hp.
MASSIVE DAMAGE!!
You barely miss the gnoll.
The gnoll hits you with a +0 whip of pain.
* * * LOW HITPOINT WARNING * * *
The gnoll closely misses you.
The gnoll hits you with a +0 whip of pain.
You die...

. . .#
################.##.
#...................
#.########...#.#.#
#.# #@#......# #.#
#.#g#†#.#.# #.#
#.##g......# #.# #.#
#..##..### #.# ##
##!......g #.####
##)....... #.##..
.....##. #.##.#
#...... #.##.#
###.## ####


You could see 2 gnolls.

Vanquished Creatures
  A worm (D:2)
  6 ball pythons
  3 bats (D:1)
  3 endoplasms
  A giant cockroach (D:2)
  4 goblins
  6 hobgoblins (D:1)
  A kobold (D:2)
  2 quokkas (D:2)
  3 frilled lizards
  4 rats
34 creatures vanquished.

Notes
Turn   | Place    | Note
-------+----------+-------------------------------------------
     0 | D:1      | Dirtsage the Demonspawn Fighter began the quest for the
                  | Orb.
     0 | D:1      | Reached XP level 1. HP: 18/18 MP: 1/1
    91 | D:1      | Gained mutation: You have large cloven feet. [demonic
                  | ancestry]
    91 | D:1      | Reached XP level 2. HP: 24/24 MP: 2/2
   910 | D:2      | Reached XP level 3. HP: 24/29 MP: 3/3
  1103 | D:2      | Slain by a gnoll

Illustrated notes

Levels and vault maps discovered:
D:1:      elethiomel_arrival_fortress_basement, layout_basic,
          wad_floor_pattern_untrapped
D:2:      layout_loops_ring, basic_altar, ebering_ecumenical_altar_sacrificial,
          grunt_ministairs_10, glass_columns_a

Skill      XL: |  1  2 |
---------------+-------+-----
Axes           | 2 3 |  3.5
Fighting       | |  3.0
Armour         | |  2.6
Shields        | |  2.6

Action                     || total
---------------------------++-------
  Melee: War axe           ||    74
         Kick              ||    13
 Armour: Scale mail        ||    33
  Dodge: Dodged            ||    29
  Block: Buckler           ||    17

Table legend: (Time is in decaauts)
 A = Elapsed time spent in this place.
 B = Non-inter-level travel time spent in this place.
 C = Inter-level travel time spent in this place.
 D = Time resting spent in this place.
 E = Time spent auto-exploring this place.
 F = Levels seen in this place.
 G = Mean time per level.
                   A        B        C        D        E       F      G
               +--------+--------+--------+--------+--------+-----+--------+
         Total |   1133 |   1124 |      9 |      0 |    924 |   2 |  566.5 |
       Dungeon |   1133 |   1124 |      9 |      0 |    924 |   2 |  566.5 |
               +--------+--------+--------+--------+--------+-----+--------+

Top non-repeatable levels by time:
     D:1: 924 daAuts
     D:2: 208 daAuts
